[Event "Titled Tuesday Blitz November 15 Early 2022"]
[White "Ter-Sahakyan, Samvel"]
[Black "Fieberg, Samuel"]
[WhiteFideId "13302531"]
[BlackFideId "12901717"]
[WhiteElo "2584"]
[BlackElo "2508"]
[Result "1-0"]
[Round "03"]
[TimeControl "180+1"]
[Date "2022.11.16"]
[WhiteClock "0:00:22"]
[BlackClock "0:00:11"]

1. d4 e6 2. c4 d5 3. Nc3 a6 4. cxd5 exd5 5. Nf3 h6 6. Bf4 Nf6 7. e3 Bd6 8. Bxd6 Qxd6 9. Bd3 Bg4 10. Qb3 Nbd7 11. Qxb7 O-O 12. Qb3 Bxf3 13. gxf3 c5 14. Qa3 Qb6 15. O-O-O cxd4 16. exd4 Rfc8 17. Kb1 Rab8 18. Ka1 a5 19. Rhe1 Nf8 20. Na4 Qb4 21. Qxb4 Rxb4 22. Nc3 Ne6 23. Ne2 Kf8 24. Bf5 Rcb8 25. Bxe6 fxe6 26. Rd2 Kf7 27. Nf4 R8b6 28. Nd3 R4b5 29. b3 Nd7 30. Rc1 a4 31. b4 Ke7 32. a3 Rb8 33. Rc6 Rf8 34. f4 g5 35. Re2 Rf6 36. f5 Rxf5 37. Rcxe6+ Kd8 38. Rxh6 Rf3 39. Re3 Rf5 40. Rh8+ Kc7 41. Rh7 Kd6 42. Kb2 Nf6 43. Rh6 Kc7 44. Re7+ Kd8 45. Rf7 Rb6 46. Rh8+ Ne8 47. Rxf5 1-0


[Site "https://www.chess.com"]

[Event "Titled Tuesday Blitz November 15 Early 2022"]
[White "Thiel, Thomas"]
[Black "Manelyuk, Daniil"]
[WhiteFideId "4615964"]
[BlackFideId "44173920"]
[WhiteElo "2229"]
[BlackElo "2209"]
[Result "0-1"]
[Round "03"]
[TimeControl "180+1"]
[Date "2022.11.16"]
[WhiteClock "0:02:10"]
[BlackClock "0:02:35"]

1. e4 e6 2. d4 d5 3. Nc3 Bb4 4. e5 c5 5. a3 Bxc3+ 6. bxc3 Ne7 7. Qg4 Qc7 8. Qxg7 Rg8 9. Qxh7 cxd4 10. Ne2 Nbc6 11. f4 Bd7 12. Qd3 dxc3 13. Nxc3 a6 14. Ne2 O-O-O 15. Bb2 Nf5 16. O-O-O Na5 17. Nd4 Nxd4 18. Qxd4 Kb8 19. h4 Rc8 20. Rd2 Nb3+ 0-1


[Site "https://www.chess.com"]

[Event "Titled Tuesday Blitz November 15 Early 2022"]
[White "Thorhallsson, Simon"]
[Black "Melikyan, Gnel"]
[WhiteFideId "2310090"]
[BlackFideId "54109990"]
[WhiteElo "2109"]
[BlackElo "2138"]
[Result "0-1"]
[Round "03"]
[TimeControl "180+1"]
[Date "2022.11.16"]
[WhiteClock "0:00:04"]
[BlackClock "0:00:05"]

1. Nf3 Nf6 2. g3 b6 3. Bg2 Bb7 4. O-O e6 5. d3 Be7 6. e4 O-O 7. Nbd2 d6 8. h3 Re8 9. Re1 Nbd7 10. Nh2 Rb8 11. f4 Bf8 12. Ndf1 c5 13. g4 g6 14. Ng3 Kh8 15. b3 Bg7 16. Bb2 Ng8 17. Bxg7+ Kxg7 18. g5 f5 19. gxf6+ Qxf6 20. Rf1 Rf8 21. Ng4 Qh4 22. Qe1 Ne7 23. f5 h5 24. Ne3 Qg5 25. fxe6 Rxf1+ 26. Ngxf1 Nf8 27. Qf2 Nxe6 28. h4 Qf4 29. Qd2 Rf8 30. Re1 Qxh4 31. Nh2 Nd4 32. c3 Ne6 33. d4 Nf4 34. dxc5 Qg3 35. Rf1 Bxe4 36. cxd6 Bxg2 37. Nxg2 Nh3+ 38. Kh1 Nf2+ 39. Rxf2 Rxf2 40. Qd4+ Kf7 41. Qc4+ Kf8 42. dxe7+ Kxe7 43. Qe4+ Kf6 44. Kg1 Rf5 45. Qd4+ Qe5 46. Qd8+ Kg7 47. Qd7+ Rf7 48. Qd4 Qxd4+ 49. cxd4 g5 50. Nf3 Rxf3 0-1


[Site "https://www.chess.com"]

[Event "Titled Tuesday Blitz November 15 Early 2022"]
[White "Timofeev, Artyom"]
[Black "Al-Tarboush, Ward"]
[WhiteFideId "4140419"]
[BlackFideId "7601450"]
[WhiteElo "2586"]
[BlackElo "2273"]
[Result "1-0"]
[Round "03"]
[TimeControl "180+1"]
[Date "2022.11.16"]
[WhiteClock "0:00:39"]
[BlackClock "0:00:01"]

1. d4 Nf6 2. Bf4 g6 3. Nc3 d5 4. Qd2 c6 5. Nf3 Bf5 6. Ne5 Bg7 7. f3 h5 8. O-O-O b5 9. Kb1 a5 10. Re1 a4 11. e4 Be6 12. a3 O-O 13. Bh6 Bxh6 14. Qxh6 dxe4 15. Nxe4 Nxe4 16. fxe4 Qe8 17. Bd3 Nd7 18. Nxc6 Nf6 19. d5 Bd7 20. Ne5 b4 21. axb4 a3 22. b3 a2+ 23. Kb2 Qb8 24. Nc4 Qxb4 25. Qd2 Qc5 26. Ka1 Bb5 27. Qc3 Ng4 28. h3 Nf2 29. Rhf1 Rfc8 30. Re2 Nxd3 31. cxd3 Qc7 32. Ref2 f6 33. d6 Qd7 34. dxe7 Qxe7 35. Rxf6 Qe8 36. g4 Bxc4 37. bxc4 Rcb8 38. gxh5 Rb1+ 39. Rxb1 axb1=Q+ 40. Kxb1 Qb8+ 41. Qb2 Qg3 42. Rxg6+ 1-0


[Site "https://www.chess.com"]

[Event "Titled Tuesday Blitz November 15 Early 2022"]
[White "Todorovic, Bojan"]
[Black "Talibov, Shiroghlan"]
[WhiteFideId "917087"]
[BlackFideId "13429078"]
[WhiteElo "2295"]
[BlackElo "2829"]
[Result "0-1"]
[Round "03"]
[TimeControl "180+1"]
[Date "2022.11.16"]
[WhiteClock "0:00:16"]
[BlackClock "0:01:25"]

1. d4 Nf6 2. c4 e6 3. Nf3 d5 4. Bg5 Nbd7 5. e3 c6 6. Nc3 Bb4 7. Qc2 Qa5 8. Nd2 Ne4 9. Ndxe4 dxe4 10. Bf4 O-O 11. Be2 f5 12. O-O e5 13. dxe5 Nxe5 14. Rac1 Be6 15. a3 Be7 16. b4 Qc7 17. Nxe4 fxe4 18. Qxe4 Bf6 19. Rfd1 Rae8 20. c5 Bd5 21. Qd4 Qf7 22. Qd2 Qg6 23. Bg3 h5 24. Bf1 h4 25. Bxe5 Bxe5 26. f4 Bf6 27. Bd3 Qg4 28. Re1 Be4 29. Qc2 Bxd3 30. Qxd3 h3 31. g3 Rd8 32. Qc4+ Kh8 33. Qe2 Qxe2 34. Rxe2 Rd3 35. e4 Bd4+ 36. Kf1 Rd8 37. e5 Rf3+ 38. Ke1 Bc3+ 39. Rxc3 Rxc3 0-1


[Site "https://www.chess.com"]

[Event "Titled Tuesday Blitz November 15 Early 2022"]
[White "Torres Dominguez, David"]
[Black "Melikhov, Evgeny V."]
[WhiteFideId "2220857"]
[BlackFideId "4122046"]
[WhiteElo "2037"]
[BlackElo "2169"]
[Result "1-0"]
[Round "03"]
[TimeControl "180+1"]
[Date "2022.11.16"]
[WhiteClock "0:00:29"]
[BlackClock "0:00:53"]

1. e4 c5 2. Nf3 d6 3. d4 cxd4 4. Nxd4 Nf6 5. Nc3 a6 6. f4 e5 7. Nf3 Bg4 8. fxe5 Bxf3 9. gxf3 dxe5 10. Qxd8+ Kxd8 11. Bg5 Nd7 12. O-O-O Kc7 13. Bc4 Bb4 14. Nd5+ Nxd5 15. Bxd5 f6 16. Be3 Rad8 17. Rhg1 g5 18. Be6 Bc5 19. Rxd7+ Rxd7 20. Bxc5 Rg7 21. Bf5 Rd8 22. Rd1 Rxd1+ 23. Kxd1 Kc6 24. Be3 h6 25. h3 b5 26. c3 Rg8 27. b3 Rd8+ 28. Kc2 Rd6 29. a3 Rd8 30. c4 bxc4 31. bxc4 Rb8 32. Be6 h5 33. Bd5+ Kd6 34. c5+ Kc7 35. c6 h4 36. a4 a5 37. Bd2 Ra8 38. Kb3 Kd6 39. Kc4 Ra7 40. Be3 Ra8 41. Bc5+ Kc7 42. Be7 Rb8 43. Bxf6 Rb4+ 44. Kc3 Rxa4 45. Bxe5+ Kb6 46. c7 Ra1 47. Kb2 1-0


[Site "https://www.chess.com"]

[Event "Titled Tuesday Blitz November 15 Early 2022"]
[White "Tregubov, Pavel V."]
[Black "Gutkin, Ilya"]
[WhiteFideId "4115341"]
[BlackFideId "16203470"]
[WhiteElo "2448"]
[BlackElo "2265"]
[Result "1-0"]
[Round "03"]
[TimeControl "180+1"]
[Date "2022.11.16"]
[WhiteClock "0:00:52"]
[BlackClock "0:00:04"]

1. e4 e6 2. d4 d5 3. exd5 exd5 4. Nf3 Nc6 5. h3 Bd6 6. Bd3 Nge7 7. O-O O-O 8. c3 Bf5 9. Re1 Re8 10. Bg5 f6 11. Be3 Qd7 12. Bxf5 Nxf5 13. Qd3 Nxe3 14. Rxe3 Rxe3 15. fxe3 Ne7 16. Nbd2 f5 17. c4 c6 18. Rc1 Re8 19. Nb3 dxc4 20. Qxc4+ Nd5 21. Re1 Qf7 22. Nc5 Bxc5 23. Qxc5 Nxe3 24. Ne5 Nd5 25. Nxf7 Rxe1+ 26. Kf2 Nf4 27. Qxf5 Nd3+ 28. Qxd3 1-0


[Site "https://www.chess.com"]

[Event "Titled Tuesday Blitz November 15 Early 2022"]
[White "Tristan, Leonardo"]
[Black "Jones, Gawain C B"]
[WhiteFideId "113816"]
[BlackFideId "409561"]
[WhiteElo "2699"]
[BlackElo "2904"]
[Result "0-1"]
[Round "03"]
[TimeControl "180+1"]
[Date "2022.11.16"]
[WhiteClock "0:00:17"]
[BlackClock "0:00:16"]

1. d4 Nf6 2. Nf3 g6 3. Bf4 Bg7 4. e3 O-O 5. Be2 d6 6. O-O Nbd7 7. h3 b6 8. Bh2 Bb7 9. a4 a5 10. Nbd2 Ne4 11. Nxe4 Bxe4 12. Nd2 Bb7 13. Bf3 Qc8 14. c3 e5 15. Qb3 Re8 16. Rfd1 Bxf3 17. Nxf3 Qb7 18. Rac1 exd4 19. cxd4 Nf6 20. Rc4 Nd5 21. Rdc1 Re7 22. Qb5 Nb4 23. Ne1 h6 24. Rxb4 axb4 25. Nd3 Ra5 26. Qxb4 Qa6 27. Qc4 Rxa4 28. Qxa6 Rxa6 29. Nb4 Ra8 30. Nd5 Rd7 31. Bg3 Ra7 32. b4 b5 33. Rc6 f5 34. h4 Kf7 35. Nc3 Ra1+ 36. Kh2 Rc1 37. Bf4 Rc2 38. Kg3 Ke8 39. Kf3 Rf7 40. g3 Kd7 41. Rxc7+ Kxc7 42. Nxb5+ Kc6 43. Nxd6 Rd7 44. b5+ Kd5 45. Ne8 Rc8 46. Nxg7 Rxg7 47. Bxh6 Rb7 48. Kf4 Rxb5 49. Kg5 Rc6 50. f3 Rb3 51. Kf4 Re6 52. g4 fxg4 53. Kxg4 Rbxe3 54. Bxe3 Rxe3 55. Kg5 Re6 56. f4 Ke4 57. d5 Rd6 58. f5 gxf5 59. h5 f4 60. h6 Rxd5+ 61. Kg6 Rd6+ 62. Kg7 f3 63. h7 Rd7+ 64. Kg8 f2 65. h8=Q Rd8+ 66. Kg7 Rxh8 0-1


[Site "https://www.chess.com"]

[Event "Titled Tuesday Blitz November 15 Early 2022"]
[White "Tsaruk, Maksim"]
[Black "Abdusattorov, Nodirbek"]
[WhiteFideId "13511173"]
[BlackFideId "14204118"]
[WhiteElo "2300"]
[BlackElo "2665"]
[Result "0-1"]
[Round "03"]
[TimeControl "180+1"]
[Date "2022.11.15"]
[WhiteClock "0:00:39"]
[BlackClock "0:01:20"]

1. e4 e5 2. Nf3 Nc6 3. Bb5 a6 4. Ba4 Nf6 5. O-O Be7 6. Re1 b5 7. Bb3 d6 8. c3 O-O 9. h3 Na5 10. Bc2 c5 11. d4 Qc7 12. d5 Nc4 13. b3 Nb6 14. Nbd2 c4 15. b4 a5 16. a3 axb4 17. cxb4 Ne8 18. Nb1 Qd8 19. Nc3 Nc7 20. Be3 Rb8 21. Nd2 Bg5 22. Qf3 g6 23. Bxg5 Qxg5 24. Qe3 Qxe3 25. fxe3 Bd7 26. Rf1 Kg7 27. Kh2 Ra8 28. Ra2 f5 29. exf5 gxf5 30. e4 fxe4 31. Bxe4 Rxf1 32. Nxf1 Na4 33. Rc2 Be8 34. Nxa4 Rxa4 35. Rc3 Bg6 36. Bxg6 Nxd5 37. Rc1 hxg6 38. Nd2 Rxa3 39. Ne4 Ra6 40. Rd1 c3 0-1


[Site "https://www.chess.com"]

[Event "Titled Tuesday Blitz November 15 Early 2022"]
[White "Urbina Quiroz, Edwin"]
[Black "Hirneise, Jens"]
[WhiteFideId "6500650"]
[BlackFideId "24614734"]
[WhiteElo "2152"]
[BlackElo "2344"]
[Result "0-1"]
[Round "03"]
[TimeControl "180+1"]
[Date "2022.11.16"]
[WhiteClock "0:00:12"]
[BlackClock "0:00:38"]

1. d4 d5 2. Nf3 Nf6 3. g3 c5 4. Bg2 Nc6 5. O-O e6 6. b3 cxd4 7. Nxd4 Bc5 8. Bb2 O-O 9. c4 Bxd4 10. Bxd4 dxc4 11. Bc5 Re8 12. Qc2 Qa5 13. Qxc4 Nd7 14. b4 Qc7 15. Nc3 Nce5 16. Nb5 Qd8 17. Qc3 Nxc5 18. Qxc5 Nd7 19. Qc3 Rf8 20. Rfd1 Qb6 21. a4 a5 22. Rd6 axb4 23. Qxb4 Qc5 24. Qb3 Nb6 25. Rdd1 Qc4 26. Qxc4 Nxc4 27. Rdc1 Na5 28. Nd6 Nb3 29. Nxc8 Nxc1 30. Bxb7 Raxc8 31. Bxc8 Rxc8 32. a5 Nxe2+ 33. Kf1 Nd4 34. a6 Nc6 35. Rc1 Kf8 36. Rb1 Rc7 37. Rb6 Ke7 38. Ke2 Kd7 39. Ke3 Ne7 40. f4 Nd5+ 0-1


[Site "https://www.chess.com"]

[Event "Titled Tuesday Blitz November 15 Early 2022"]
[White "Valle Maytin, Luis Enrique"]
[Black "Odegov, Artem"]
[WhiteFideId "3503666"]
[BlackFideId "34183644"]
[WhiteElo "2225"]
[BlackElo "2298"]
[Result "0-1"]
[Round "03"]
[TimeControl "180+1"]
[Date "2022.11.16"]
[WhiteClock "0:00:17"]
[BlackClock "0:00:48"]

1. e4 e6 2. d4 d5 3. Bd3 dxe4 4. Bxe4 Nf6 5. Bf3 c5 6. c3 Nc6 7. Ne2 Be7 8. O-O O-O 9. Re1 cxd4 10. cxd4 Nd5 11. Nbc3 Bf6 12. Nxd5 exd5 13. Be3 Be6 14. Nc3 Rc8 15. Qd2 Na5 16. b3 Nc6 17. Rac1 Qd7 18. Na4 b6 19. Nc3 Rfe8 20. g3 g6 21. Bg2 Bg7 22. Ne2 Bf5 23. Nc3 Nb4 24. Bh6 Rxe1+ 25. Rxe1 Bxh6 26. Qxh6 Rxc3 27. a3 Nc6 28. Bxd5 Nxd4 29. Bg2 Nf3+ 30. Bxf3 Rxf3 31. Kg2 Rd3 32. Qf4 Rd4 33. Qb8+ Kg7 34. Re8 Qd5+ 35. f3 Rd2+ 36. Kf1 Qxf3+ 37. Ke1 Qf2# 0-1


[Site "https://www.chess.com"]

[Event "Titled Tuesday Blitz November 15 Early 2022"]
[White "Vasques, Antonio Pedro Freixial"]
[Black "Yaran, Siar"]
[WhiteFideId "1908332"]
[BlackFideId "6323006"]
[WhiteElo "2243"]
[BlackElo "2191"]
[Result "0-1"]
[Round "03"]
[TimeControl "180+1"]
[Date "2022.11.16"]
[WhiteClock "0:00:09"]
[BlackClock "0:00:37"]

1. e4 e5 2. Nf3 Nc6 3. Bc4 Bc5 4. O-O Nf6 5. d4 exd4 6. e5 d5 7. exf6 dxc4 8. Re1+ Be6 9. Ng5 Qd5 10. Nc3 Qf5 11. Nce4 Bb6 12. Ng3 Qg6 13. Nxe6 fxe6 14. Rxe6+ Kd7 15. fxg7 Qxe6 16. gxh8=Q Rxh8 17. Bg5 Kc8 18. Qf3 Re8 19. h4 a5 20. Rd1 Kb8 21. a3 a4 22. h5 Ne5 23. Qf5 Ng4 24. Qxe6 Rxe6 25. Kf1 d3 26. cxd3 Nxf2 27. Re1 Rxe1+ 28. Kxe1 Nxd3+ 29. Kd2 Bd4 30. Ne4 Nxb2 31. Bf6 c3+ 32. Kc2 c5 33. Bxd4 cxd4 34. Nf6 b5 35. Nxh7 b4 36. Nf6 d3+ 37. Kc1 d2+ 0-1


[Site "https://www.chess.com"]

[Event "Titled Tuesday Blitz November 15 Early 2022"]
[White "Vifleemskaia, Svetlana"]
[Black "Goroshkov, Maksym"]
[WhiteFideId "4129490"]
[BlackFideId "14142716"]
[WhiteElo "1929"]
[BlackElo "2257"]
[Result "0-1"]
[Round "03"]
[TimeControl "180+1"]
[Date "2022.11.16"]
[WhiteClock "0:00:13"]
[BlackClock "0:00:37"]

1. d4 Nf6 2. c4 e5 3. dxe5 Ng4 4. Bf4 Nc6 5. Nf3 Bb4+ 6. Nbd2 Qe7 7. a3 Ngxe5 8. Nxe5 Nxe5 9. e3 Bxd2+ 10. Qxd2 d6 11. Be2 b6 12. O-O Bb7 13. b4 O-O 14. Rac1 Ng6 15. Bg3 Nh4 16. f3 Rae8 17. e4 f5 18. Qf4 Ng6 19. Qe3 f4 20. Qf2 fxg3 21. Qxg3 Nf4 22. Rfe1 Nxe2+ 23. Rxe2 Qe5 24. Rd2 Qxg3 25. hxg3 Rd8 26. Rcd1 Kf7 27. Kf2 Ke7 28. Ke3 Ba6 29. b5 Bc8 30. a4 a6 31. Ra1 Be6 32. Kd4 Ra8 33. Rda2 Bd7 34. a5 axb5 35. axb6 Rxa2 36. Rxa2 cxb6 37. cxb5 Bxb5 38. Rb2 Bd7 39. Rxb6 Ra8 40. Rb2 Ra3 41. g4 h6 42. Rc2 Ke6 43. Rb2 Bc6 44. Rb6 Be8 45. Rb2 Bd7 46. Rc2 Bb5 47. Rb2 Rd3# 0-1


[Site "https://www.chess.com"]

[Event "Titled Tuesday Blitz November 15 Early 2022"]
[White "Vokhidov, Shamsiddin"]
[Black "Mischuk, Dmitry"]
[WhiteFideId "14204223"]
[BlackFideId "14118734"]
[WhiteElo "2619"]
[BlackElo "2256"]
[Result "0-1"]
[Round "03"]
[TimeControl "180+1"]
[Date "2022.11.15"]
[WhiteClock "0:00:06"]
[BlackClock "0:01:11"]

1. e4 c5 2. Nf3 d6 3. d4 cxd4 4. Nxd4 Nf6 5. Nc3 g6 6. Be3 Bg7 7. f3 O-O 8. Qd2 Nc6 9. O-O-O d5 10. exd5 Nxd5 11. Nxc6 bxc6 12. Bd4 e5 13. Bc5 Re8 14. Ne4 Qc7 15. h4 f5 16. Bc4 fxe4 17. fxe4 Be6 18. exd5 cxd5 19. Bxd5 Qxc5 20. Bxa8 Rxa8 21. Rhf1 e4 22. Qd6 Bh6+ 23. Kb1 Qxd6 24. Rxd6 Bg4 25. Rd4 Re8 26. Re1 Bf5 27. g4 Bxg4 28. Rdxe4 Rxe4 29. Rxe4 Bf5 30. Re7 a5 31. Ra7 Bd2 32. b3 h5 33. Kb2 Be1 34. c4 Bxh4 35. c5 Bf2 36. Rxa5 h4 37. c6 Bg3 38. c7 Bxc7 39. Ra8+ Kh7 40. Ra7 h3 41. Rxc7+ Kh6 42. Rc1 Be4 43. Kc3 h2 44. b4 g5 45. Kd4 h1=Q 46. Rxh1+ Bxh1 47. b5 Kh5 48. a4 g4 49. a5 Bb7 50. a6 Bc8 51. Kc5 g3 52. Kc6 g2 53. Kc7 g1=Q 54. Kxc8 Qb6 0-1


[Site "https://www.chess.com"]

[Event "Titled Tuesday Blitz November 15 Early 2022"]
[White "Volkov, Maksim"]
[Black "Rangel, Daniel"]
[WhiteFideId "54123070"]
[BlackFideId "2124475"]
[WhiteElo "2257"]
[BlackElo "2225"]
[Result "1-0"]
[Round "03"]
[TimeControl "180+1"]
[Date "2022.11.16"]
[WhiteClock "0:00:07"]
[BlackClock "0:00:05"]

1. d4 Nf6 2. c4 e6 3. g3 d5 4. Nf3 c6 5. Bg2 Bb4+ 6. Bd2 Be7 7. O-O O-O 8. Qc2 b6 9. Rc1 Bb7 10. a4 dxc4 11. Qxc4 Ba6 12. Qc2 Bxe2 13. Ne5 Ba6 14. b4 Bb7 15. b5 Qxd4 16. Bc3 Qd6 17. bxc6 Nxc6 18. Na3 Rac8 19. Nb5 Qb8 20. Qb2 Nxe5 21. Bxe5 Qa8 22. Nc7 Rxc7 23. Rxc7 Bxg2 24. Rxe7 Bh3 25. f4 Qe4 26. Bxf6 gxf6 27. Qf2 Rc8 28. Re1 Qxa4 29. Qf3 Rc2 30. g4 Qd4+ 31. Qe3 Rg2+ 32. Kh1 Qd5 33. Qe4 Qa2 34. Qa8+ Kg7 35. Rxf7+ Kxf7 36. Qb7+ Kg6 37. Qe4+ Kg7 38. Qb7+ Kh6 39. g5+ fxg5 40. fxg5+ Kh5 41. Qf3+ Kxg5 42. Qxh3 Kg6 43. Qxg2+ Kf6 44. Qxa2 Ke7 45. Qxe6+ Kf8 46. Rg1 b5 47. Rg8# 1-0


[Site "https://www.chess.com"]

[Event "Titled Tuesday Blitz November 15 Early 2022"]
[White "Wagner, Dennis"]
[Black "Terry, Renato"]
[WhiteFideId "24650684"]
[BlackFideId "3803457"]
[WhiteElo "2470"]
[BlackElo "2577"]
[Result "0-1"]
[Round "03"]
[TimeControl "180+1"]
[Date "2022.11.15"]
[WhiteClock "0:00:03"]
[BlackClock "0:01:39"]

1. d4 e6 2. Nf3 Nf6 3. c4 Bb4+ 4. Bd2 Qe7 5. Nc3 O-O 6. e3 d6 7. a3 Bxc3 8. Bxc3 Nbd7 9. Qc2 e5 10. O-O-O b6 11. Nd2 Bb7 12. f3 Rfe8 13. e4 c5 14. d5 a6 15. g4 Nf8 16. h4 Ng6 17. h5 Nf4 18. h6 g6 19. Kb1 Bc8 20. Qb3 Rb8 21. a4 Bd7 22. Kc2 Rb7 23. Nb1 Reb8 24. Na3 Ne8 25. Kb1 Nc7 26. Qc2 b5 27. axb5 axb5 28. cxb5 Nxb5 29. Nxb5 Bxb5 30. Bxb5 Rxb5 31. Rd2 Qb7 32. g5 Qa6 33. Kc1 Rb3 34. Kd1 Qb6 35. Ke1 c4 36. Kf1 Ra8 37. Rd1 Ra2 38. Rh2 Qd8 39. Kf2 Qxg5 40. Bd2 Rbxb2 41. Qxc4 Rxd2+ 42. Rxd2 Rxd2+ 0-1


[Site "https://www.chess.com"]

[Event "Titled Tuesday Blitz November 15 Early 2022"]
[White "Willathgamuwa, Kevin"]
[Black "Sourath Biswas"]
[WhiteFideId "3214168"]
[BlackFideId "35091484"]
[WhiteElo "1962"]
[BlackElo "2164"]
[Result "1-0"]
[Round "03"]
[TimeControl "180+1"]
[Date "2022.11.16"]
[WhiteClock "0:00:48"]
[BlackClock "0:00:01"]

1. e4 c6 2. Nc3 d5 3. d4 dxe4 4. Nxe4 Bf5 5. Ng3 Bg6 6. h4 h6 7. Nf3 Nd7 8. h5 Bh7 9. Bd3 Bxd3 10. Qxd3 e6 11. Bd2 Ngf6 12. O-O-O Be7 13. Ne4 Nxe4 14. Qxe4 Nf6 15. Qe2 Qd5 16. c4 Qe4 17. Qxe4 Nxe4 18. Be3 f5 19. Ne5 Bg5 20. Nd3 O-O-O 21. Kc2 Bxe3 22. fxe3 Nf6 23. Ne5 Rhf8 24. Ng6 Rf7 25. Ne5 Rc7 26. Rdg1 c5 27. Kd3 cxd4 28. exd4 Ne4 29. Ke3 Nf6 30. b3 f4+ 31. Kd3 b5 32. cxb5 Rc5 33. Rc1 Rxc1 34. Rxc1+ Kb7 35. Rc6 Re8 36. Nc4 Re7 37. Nd6+ Ka8 38. Rc8# 1-0


[Site "https://www.chess.com"]

[Event "Titled Tuesday Blitz November 15 Early 2022"]
[White "Willow, Jonah B"]
[Black "Csonka, Balazs"]
[WhiteFideId "438804"]
[BlackFideId "742910"]
[WhiteElo "2300"]
[BlackElo "2404"]
[Result "1-0"]
[Round "03"]
[TimeControl "180+1"]
[Date "2022.11.15"]
[WhiteClock "0:01:15"]
[BlackClock "0:00:07"]

1. e4 e6 2. d4 d5 3. Nd2 Be7 4. e5 c5 5. c3 cxd4 6. cxd4 Qb6 7. Ndf3 Bd7 8. Bd3 Bb5 9. Ne2 Bb4+ 10. Kf1 Bxd3 11. Qxd3 Qa6 12. Qd1 Nc6 13. g3 Nge7 14. Kg2 Ng6 15. h4 h5 16. Bg5 Rc8 17. a3 Be7 18. Rc1 O-O 19. Bxe7 Ncxe7 20. Nc3 Qb6 21. Ng5 Qxb2 22. Qxh5 Rfd8 23. Qh7+ Kf8 24. h5 Rxc3 25. Rxc3 Qxc3 26. hxg6 Nxg6 27. Rh6 Qc2 28. Nxe6+ fxe6 29. Rxg6 Qe4+ 30. Kh2 1-0


[Site "https://www.chess.com"]

[Event "Titled Tuesday Blitz November 15 Early 2022"]
[White "Winterberg, Lukas"]
[Black "Kiseljova, Marya"]
[WhiteFideId "24622702"]
[BlackFideId "4155009"]
[WhiteElo "2349"]
[BlackElo "1907"]
[Result "1-0"]
[Round "03"]
[TimeControl "180+1"]
[Date "2022.11.16"]
[WhiteClock "0:00:45"]
[BlackClock "0:00:01"]

1. d4 d5 2. Nf3 Nf6 3. c4 e6 4. Nc3 c5 5. cxd5 exd5 6. Bg5 Nc6 7. Bxf6 gxf6 8. e3 c4 9. Be2 Rg8 10. Qa4 Rxg2 11. Qb5 a6 12. Qxd5 Be6 13. Qh5 Nb4 14. d5 Nc2+ 15. Kf1 Bg4 16. Qxh7 Nxa1 17. Kxg2 Qd7 18. Rxa1 O-O-O 19. Qe4 Bh3+ 20. Kh1 Bd6 21. Rg1 Rh8 22. Qxc4+ Kb8 23. Ne4 Bg4 24. Nxd6 Bxf3+ 25. Bxf3 Qxd6 26. Qf4 Qxf4 27. exf4 Rd8 28. Rg7 Rd7 29. h4 Kc7 30. h5 1-0


[Site "https://www.chess.com"]

[Event "Titled Tuesday Blitz November 15 Early 2022"]
[White "Wirig, Anthony"]
[Black "Kosteniuk, Alexandra"]
[WhiteFideId "615013"]
[BlackFideId "4128125"]
[WhiteElo "2879"]
[BlackElo "2692"]
[Result "1-0"]
[Round "03"]
[TimeControl "180+1"]
[Date "2022.11.16"]
[WhiteClock "0:00:04"]
[BlackClock "0:00:08"]

1. d4 f5 2. Bg5 h6 3. Bd2 Nf6 4. e3 d6 5. Nc3 Nc6 6. Bc4 e5 7. dxe5 Nxe5 8. Bb3 Qe7 9. Nf3 Be6 10. Qe2 O-O-O 11. Nd4 Bd7 12. O-O-O Kb8 13. Kb1 c5 14. Nf3 Bc6 15. Nxe5 Qxe5 16. f3 g5 17. Be1 Bg7 18. Bg3 Qe7 19. Qc4 Nh5 20. Nd5 Bxd5 21. Rxd5 Nxg3 22. hxg3 Qxe3 23. Rxf5 Rhe8 24. a3 Re7 25. Rd1 Be5 26. f4 Bd4 27. fxg5 hxg5 28. c3 Be5 29. Bc2 Qxg3 30. Qd5 Qg4 31. Rdf1 Bf4 32. Be4 Qe2 33. Rh1 Qxe4+ 34. Qxe4 Rxe4 35. Rh7 Re1+ 36. Ka2 d5 37. Rff7 Kc8 38. Rxb7 Bb8 39. Rb5 Bc7 40. Rxc5 Rd7 41. Rh8+ Kb7 42. Rh5 Bb6 43. Rb5 a6 44. Rb4 Kc6 45. Rh6+ Rd6 46. Rxb6+ Kxb6 47. Rxd6+ Kc5 48. Rg6 Re5 49. Kb3 Kb5 50. a4+ Kc5 51. g4 d4 52. cxd4+ Kxd4 53. Rxa6 Re4 54. Rb6 Ke3 55. Rb4 Re5 56. Rb5 Re4 57. Rxg5 1-0


[Site "https://www.chess.com"]

[Event "Titled Tuesday Blitz November 15 Early 2022"]
[White "Yeremyan, Alen"]
[Black "Golubova, Anna"]
[WhiteFideId "13308998"]
[BlackFideId "24173606"]
[WhiteElo "2159"]
[BlackElo "2047"]
[Result "1-0"]
[Round "03"]
[TimeControl "180+1"]
[Date "2022.11.16"]
[WhiteClock "0:02:16"]
[BlackClock "0:01:26"]

1. d4 g6 2. g3 Bg7 3. Bg2 d6 4. e4 Nf6 5. Ne2 O-O 6. O-O Nc6 7. c4 e5 8. d5 Ne7 9. Nbc3 Nh5 10. Be3 f5 11. exf5 gxf5 12. f4 Nf6 13. fxe5 dxe5 14. Kh1 Ng4 15. Bg1 Ng6 16. Qd2 Bd7 17. c5 c6 18. Rad1 Qe7 19. Qc2 e4 20. Qb3 Kh8 21. Qxb7 Rfb8 22. Qc7 Rc8 23. Qa5 cxd5 24. Nxd5 Qxc5 25. Bxc5 1-0


[Site "https://www.chess.com"]

[Event "Titled Tuesday Blitz November 15 Early 2022"]
[White "Yu, Yangyi"]
[Black "Stankovic, Ivan G"]
[WhiteFideId "8603820"]
[BlackFideId "902837"]
[WhiteElo "3055"]
[BlackElo "2435"]
[Result "1-0"]
[Round "03"]
[TimeControl "180+1"]
[Date "2022.11.16"]
[WhiteClock "0:00:07"]
[BlackClock "0:00:01"]

1. e4 c5 2. Nf3 Nc6 3. Bb5 g6 4. O-O Bg7 5. Bxc6 bxc6 6. c3 Nh6 7. d4 cxd4 8. cxd4 O-O 9. Nc3 f5 10. e5 Nf7 11. Re1 c5 12. dxc5 e6 13. Be3 Bb7 14. Bd4 g5 15. Nd2 g4 16. Nc4 Qh4 17. Nd6 Bc6 18. Nxf7 Rxf7 19. b4 a6 20. a4 f4 21. b5 axb5 22. axb5 Rxa1 23. Qxa1 Bxg2 24. Kxg2 Rf5 25. Qa8+ Bf8 26. Kh1 f3 27. Qe4 Bh6 28. Be3 Rh5 29. Bf4 Qxf2 30. Rg1 Bg7 31. Rxg4 Qf1+ 32. Rg1 Qf2 33. Bg3 Qb2 34. Qxf3 Rf5 35. Qa8+ Kf7 36. Nd1 1-0


[Site "https://www.chess.com"]

[Event "Titled Tuesday Blitz November 15 Early 2022"]
[White "Yuan, Qingyu"]
[Black "Kostiukov, Alexandr"]
[WhiteFideId "8609772"]
[BlackFideId "14108100"]
[WhiteElo "2359"]
[BlackElo "2202"]
[Result "1-0"]
[Round "03"]
[TimeControl "180+1"]
[Date "2022.11.16"]
[WhiteClock "0:00:21"]
[BlackClock "0:00:03"]

1. e4 c5 2. Nf3 g6 3. Bc4 Bg7 4. O-O e6 5. c3 Ne7 6. d4 cxd4 7. cxd4 d5 8. exd5 exd5 9. Bb5+ Nbc6 10. Nc3 O-O 11. h3 h6 12. Bf4 Be6 13. Re1 g5 14. Be5 f6 15. Bh2 Bf7 16. Na4 f5 17. Nc5 f4 18. Nxb7 Qb8 19. Ba6 Nf5 20. Nc5 Rd8 21. Bb7 Ncxd4 22. Bxa8 Qxa8 23. Rb1 a5 24. Ne5 Qc8 25. Nxf7 Kxf7 26. Rc1 Qb8 27. Nd3 Nh4 28. Qh5+ Kg8 29. Nxf4 Nhf3+ 30. gxf3 gxf4 31. Re7 Rf8 32. Rcc7 Nf5 33. Rf7 1-0


[Site "https://www.chess.com"]

[Event "Titled Tuesday Blitz November 15 Early 2022"]
[White "Zaichenko, Daria"]
[Black "Vlassov, Nikolai"]
[WhiteFideId "4197453"]
[BlackFideId "4103360"]
[WhiteElo "2039"]
[BlackElo "2324"]
[Result "1/2-1/2"]
[Round "03"]
[TimeControl "180+1"]
[Date "2022.11.16"]
[WhiteClock "0:01:14"]
[BlackClock "0:00:23"]

1. e4 Nc6 2. d4 d5 3. e5 h5 4. c3 Bg4 5. Nf3 Qd7 6. h3 Bxf3 7. Qxf3 e6 8. Nd2 O-O-O 9. Nb3 f6 10. exf6 Nxf6 11. Bg5 e5 12. O-O-O exd4 13. Nxd4 Nxd4 14. Rxd4 Bc5 15. Bxf6 gxf6 16. Rd1 Qa4 17. Kb1 Qe4+ 18. Bd3 Qxf3 19. gxf3 Bxf2 20. f4 Rhg8 21. Rhf1 Bc5 22. Bf5+ Kb8 23. Be6 Rg3 24. Bxd5 Rxh3 25. Be6 Rhd3 26. Rxd3 Rxd3 27. Rh1 a5 28. Rxh5 Bd6 29. Rf5 Rf3 30. Rxf6 Rxf4 31. Rxf4 Bxf4 32. Kc2 c6 33. b4 axb4 1/2-1/2


[Site "https://www.chess.com"]